 Dungeon Crawl Stone Soup version 0.14-a0-2632-gd2f732a (webtiles) character file.

4168 4tharraofdagon the Conjurer (level 10, 0/56 HPs)
             Began as a High Elf Fire Elementalist on Feb 15, 2014.
             Was a Believer of Sif Muna.
             Slain by a spiny frog (21 damage)
             ... on Level 2 of the Lair of Beasts.
             The game lasted 00:29:14 (4048 turns).

4tharraofdagon the Conjurer (HEFE)                  Turns: 4048, Time: 00:29:15

HP   0/56        AC  9     Str  9      XL: 10   Next:  2%
MP  15/28        EV 11     Int 25      God: Sif Muna [**....]
Gold 200         SH  0     Dex 15      Spells:  4 memorised, 11 levels left

rFire  + . .     SeeInvis +     n - +1,+3 whip (venom)
rCold  . . .     Clarity  .     L - +0 leather armour of Blupty {+Blink rElec rF+ MR+ Dex-2}
rNeg   . . .     Conserve +     (no shield)
rPois  .         rCorr    .     G - +2 dwarf helmet {Int+3} (curse)
rElec  +         rRot     .     B - +2 cloak
SustAb . .       Spirit   .     (no gloves)
rMut   .         Warding  .     (no boots)
Saprov . . .     Stasis   .     s - amulet of conservation
MR     ++...                    w - ring of see invisible
                                g - +2 ring of strength

@: very resistant to hostile enchantments, fairly stealthy
A: no striking features
a: Channel Energy, Forget Spell, Renounce Religion, Evoke Blink


You were on level 2 of the Lair of Beasts.
You worshipped Sif Muna.
Sif Muna was pleased with you.
You were hungry.

You visited 3 branches of the dungeon, and saw 11 of its levels.
You also visited: Ossuary.

You collected 266 gold pieces.
You spent 66 gold pieces at shops.

Inventory:

Hand weapons
 d - a +0,+0 short sword
 h - a +0,+1 dwarven short sword
 n - a +1,+3 whip of venom (weapon)
Missiles
 e - 11 darts of frost
 k - 2 throwing nets (quivered)
 m - 36 darts
 v - 2 tomahawks of returning
Armour
 a - a cursed +0 elven robe
 j - a +0 leather armour
 x - a +0 helmet
 B - a +2 cloak (worn)
 G - a cursed +2 dwarven helmet of intelligence (worn)
 L - the +0 leather armour of Blupty (worn) {+Blink rElec rF+ MR+ Dex-2}
   (You found it on level 5 of the Dungeon)

   It affects your dexterity (-2).
   It protects you from fire.
   It insulates you from electricity.
   It affects your resistance to hostile enchantments.
   It lets you blink.
Magical devices
 M - a wand of confusion (8)
Comestibles
 r - 2 chunks of giant frog flesh
 A - an apple
 E - 7 beef jerkies
 F - 5 bread rations
 K - 3 rotting chunks of yak flesh
Scrolls
 f - 5 scrolls of teleportation
 i - 5 scrolls of remove curse
 o - a scroll of fear
 q - 3 scrolls of enchant weapon I
 t - a scroll of immolation
 y - a scroll of identify
 H - a scroll of recharging
Jewellery
 g - a +2 ring of strength (left hand)
 s - an amulet of conservation (around neck)
 w - a ring of see invisible (right hand)
 J - an uncursed amulet of stasis
Potions
 c - 2 potions of speed
 l - 2 potions of restore abilities
 p - 2 potions of might
 u - 3 potions of poison
 z - a potion of confusion
 C - a potion of heal wounds
 I - a potion of lignification
 O - a potion of degeneration {unknown}
Books
 b - a book of Flames

   Spells                             Type                      Level
   *Flame Tongue                      Conjuration/Fire             1
   Throw Flame                        Conjuration/Fire             2
   *Conjure Flame                     Conjuration/Fire             3
   Inner Flame                        Hexes/Fire                   3
   *Sticky Flame                      Conjuration/Fire             4
   *Fireball                          Conjuration/Fire             5
 D - a book of Enchantments

   Spells                             Type                      Level
   Cause Fear                         Hexes                        4
   Silence                            Hexes/Air                    5
   Tukima's Dance                     Hexes                        5
   Deflect Missiles                   Charms/Air                   6
   Haste                              Charms                       6
   Discord                            Hexes                        8
 N - a book of Changes

   Spells                             Type                      Level
   Beastly Appendage                  Transmutation                1
   Sticks to Snakes                   Transmutation                2
   Spider Form                        Transmutation/Poison         3
   Ice Form                           Ice/Transmutation            4
   Blade Hands                        Transmutation                5


   Skills:
 - Level 2.1 Dodging
 - Level 2.1 Stealth
 + Level 7.5 Spellcasting
 + Level 9.4 Conjurations
 + Level 9.0 Fire Magic
 * Level 4.9 Invocations


You had 11 spell levels left.
You knew the following spells:

 Your Spells              Type           Power        Failure   Level  Hunger
a - Flame Tongue          Conj/Fire      #####        1%          1    None
b - Conjure Flame         Conj/Fire      ######..     1%          3    None
c - Sticky Flame          Conj/Fire      ######..     1%          4    ###....
d - Fireball              Conj/Fire      ######....   4%          5    ####...


Dungeon Overview and Level Annotations

Branches:
Dungeon (8/16)             Temple (1/1) D:4            Lair (2/8) D:8

Altars:
Ashenzari
Dithmenos
Elyvilon
Kikubaaqudgha
Makhleb
Nemelex Xobeh
Okawaru
Sif Muna
Trog
Xom
Yredelemnul
Zin
The Shining One

Shops:
D:5 [   D:6 [


Message History

Confirm with . or Enter, or press ? or * to list all spells.
Aiming: Conjure Flame
Press: ? - help, Dir - move target cursor The fire roars!
The spiny frog is engulfed in roaring flames.
The spiny frog stings you!
Unknown command.
Casting: Conjure Flame
Confirm with . or Enter, or press ? or * to list all spells.
Aiming: Sticky Flame
Press: ? - help, Shift-Dir - straight line, f - spiny frog
Aim: a spiny frog (flame, moderately wounded)
The sticky flame hits the spiny frog.
The spiny frog is heavily wounded.
The spiny frog is covered in liquid flames!
You are feeling hungry.
The spiny frog burns!
The spiny frog is engulfed in roaring flames.
The spiny frog stings you!
You die...

## #.# ... ###.##.#
#..... ..#.#t# #......
.....## ........ #Pr..
..?...... #frr##
#........ ##§P#
#.F.....# #P.##
###§F.......
##.#####P#@§.......
#.........(...P...
#.................
#.................
#f............#..#.
#....#.#P.....(.....
##...####.....P####
#### #...## #....f##
.#P#####....###..f...#


You could see 2 spiny frogs.

Vanquished Creatures
  Grinder (D:4)
  Prince Ribbit (D:4)
  A wyvern (D:8)
  A hungry ghost (D:7)
  3 hippogriffs
  5 yaks (Lair:1)
  A porcupine (Lair:2)
  An orc warrior (D:5)
  An ice beast (D:5)
  A sky beast (D:6)
  3 ogres
  4 crocodiles
  2 giant frogs (Lair:2)
  An agate snail (Lair:1)
  A yak skeleton (D:8)
  2 jellies
  4 hounds
  A human zombie (Ossuary)
  A centaur skeleton (D:4)
  An orc priest (D:5)
  2 orc wizards (D:5)
  Natasha (thrice) (D:5)
  3 iguanas
  A scorpion (D:7)
  A worker ant (D:4)
  8 sheep (Lair:2)
  A sky beast zombie (D:5)
  A big kobold zombie (Ossuary)
  2 hound zombies
  3 mummies (Ossuary)
  8 adders
  A green rat (D:8)
  5 gnolls
  3 worms (D:6)
  An adder zombie (Ossuary)
  2 giant eyeballs
  An ooze (D:3)
  11 orcs
  2 giant cockroaches
  3 gnoll zombies (Ossuary)
  8 goblins
  11 hobgoblins
  13 jackals
  5 quokkas
  9 bats
  5 giant geckos
  9 giant newts
  7 goblin zombies
  6 hobgoblin zombies
  2 jackal zombies (Ossuary)
  5 kobolds
  4 kobold zombies (Ossuary)
  An orc skeleton (D:4)
  An orc zombie (Ossuary)
  3 quokka zombies
  6 rats
  4 rat zombies
197 creatures vanquished.

Vanquished Creatures (others)
  A fungus (Lair:2)
1 creature vanquished.

Grand Total: 198 creatures vanquished

Notes
Turn   | Place    | Note
--------------------------------------------------------------
     0 | D:1      | 4tharraofdagon, the High Elf Fire Elementalist, began the quest for the Orb.
     0 | D:1      | Reached XP level 1. HP: 11/11 MP: 4/4
   185 | D:1      | Reached XP level 2. HP: 9/17 MP: 0/6
   421 | D:2      | Reached XP level 3. HP: 8/21 MP: 3/9
   428 | D:1      | Learned a level 3 spell: Conjure Flame
   527 | D:2      | HP: 1/21 [gnoll (8)]
   622 | D:3      | Reached XP level 4. HP: 11/27 MP: 0/12
   628 | D:3      | Learned a level 4 spell: Sticky Flame
  1043 | D:4      | Noticed Prince Ribbit
  1050 | D:4      | Killed Prince Ribbit
  1050 | D:4      | Reached skill level 4 in Spellcasting
  1050 | D:4      | Reached XP level 5. HP: 26/31 MP: 6/16
  1050 | D:4      | Reached XP level 6. HP: 30/36 MP: 6/18
  1075 | D:4      | Found a sand-covered staircase.
  1082 | Ossuary  | Entered an ossuary
  1194 | Ossuary  | Reached skill level 5 in Fire Magic
  1317 | Ossuary  | Reached skill level 5 in Conjurations
  1448 | D:5      | Entered Level 5 of the Dungeon
  1449 | D:5      | Noticed Natasha
  1457 | D:5      | Killed Natasha
  1510 | D:5      | Noticed a hippogriff
  1517 | D:5      | Killed a hippogriff
  1517 | D:5      | Reached XP level 7. HP: 41/41 MP: 12/20
  1552 | D:5      | Noticed Natasha
  1552 | D:5      | Reached skill level 6 in Conjurations
  1558 | D:5      | Killed Natasha
  1608 | D:6      | Found a white marble altar of Elyvilon.
  1609 | D:6      | Found a shattered altar of Ashenzari.
  1861 | D:6      | Reached skill level 5 in Spellcasting
  1861 | D:6      | Reached XP level 8. HP: 23/46 MP: 9/22
  1870 | D:6      | Learned a level 5 spell: Fireball
  1910 | D:6      | Found Mikeze's Armour Boutique.
  2181 | D:7      | Reached skill level 7 in Conjurations
  2319 | D:5      | Noticed Natasha
  2335 | D:5      | Killed Natasha
  2542 | D:5      | Found Stesusch's Antique Armour Shop.
  2551 | D:5      | Bought a shiny dwarven helmet for 66 gold pieces
  2602 | D:5      | Got a jasper-studded leather armour
  2610 | D:5      | Identified the +0 leather armour of Blupty {+Blink rElec rF+ MR+ Dex-2} (You found it on level 5 of the Dungeon)
  3109 | D:4      | Paralysed by a giant eyeball for 2 turns
  3121 | D:4      | NO TEMPLE ????
  3211 | D:4      | Found a staircase to the Ecumenical Temple.
  3224 | D:4      | Noticed Grinder
  3228 | D:4      | Killed Grinder
  3228 | D:4      | Reached skill level 8 in Conjurations
  3234 | Temple   | Entered the Ecumenical Temple
  3292 | Temple   | Became a worshipper of Sif Muna the Loreminder
  3402 | D:8      | Reached XP level 9. HP: 51/51 MP: 20/25
  3490 | D:8      | Found a burning altar of Makhleb.
  3504 | D:8      | Paralysed by a giant eyeball for 4 turns
  3548 | D:8      | Found a staircase to the Lair.
  3597 | D:8      | Acquired Sif Muna's first power
  3610 | Lair:1   | Entered Level 1 of the Lair of Beasts
  3640 | Lair:1   | Reached skill level 1 in Invocations
  3704 | Lair:1   | Reached skill level 9 in Conjurations
  3845 | Lair:2   | Noticed an eight-headed hydra
  3849 | Lair:2   | Acquired Sif Muna's second power
  3949 | Lair:2   | Reached XP level 10. HP: 38/56 MP: 19/28
  4043 | Lair:2   | Noticed a spiny frog
  4044 | Lair:2   | Noticed a spiny frog
  4048 | Lair:2   | Slain by a spiny frog

Action                   |  1- 3 |  4- 6 |  7- 9 | 10-12 || total
-------------------------+-------+-------+-------+-------++-------
Melee: Short sword       |    41 |       |       |       ||    41
       Whip              |     5 |    81 |   172 |     4 ||   262
 Cast: Flame Tongue      |    52 |    37 |    51 |       ||   140
       Conjure Flame     |       |    11 |    25 |     4 ||    40
       Sticky Flame      |       |     3 |    30 |     2 ||    35
       Fireball          |       |       |     5 |       ||     5
Invok: Channel Energy    |       |       |    20 |       ||    20
Evoke: Wand              |       |       |     1 |       ||     1
  Use: Potion            |     4 |     3 |     1 |       ||     8
       Scroll            |       |       |    21 |       ||    21
 Stab: Sleeping          |       |     2 |     1 |       ||     3
